 Dungeon Sprint DCSS version 0.24.1-14-gf8d2b509d9 (webtiles) character file.

Game seed: 16301043443794351798, levelgen mode: deterministic

7710 Chiseanne the Imperceptible (level 11, -3/44 HPs)
             Began as a Spriggan Assassin on June 3, 2020.
             Was a High Priest of Fedhas.
             Splashed by a jelly's acid (7 damage)
             ... while paralysed by a floating eye
             ... in the Dungeon (Sprint I: "Red Sonja").
             The game lasted 00:09:09 (1263 turns).

Chiseanne the Imperceptible (Spriggan Assassin)     Turns: 1263, Time: 00:09:09

Health: -3/44      AC:  2    Str:  7    XL:     11   Next: 0%
Magic:  12/20      EV:  4    Int: 11    God:    Fedhas [*****.]
Gold:   162        SH:  0    Dex: 21    Spells: 10/10 levels left

rFire    . . .     SeeInvis +   a - +1 short sword (speed)
rCold    . . .     Gourm    .   (shield restricted)
rNeg     + . .     Faith    .   b - +0 robe
rPois    .         Spirit   .   (helmet restricted)
rElec    .         Reflect  .   o - scarf {repulsion}
rCorr    .         Harm     .   (gloves unavailable)
MR       +....     NoTele   +   (boots unavailable)
Stlth    +++++++++.             (no amulet)
HPRegen  0.14/turn              n - ring of positive energy (curse)
MPRegen  0.17/turn              (no ring)

@: paralysed, repel missiles, very quick
A: very small, unfitting armour, see invisible, dopey 1, herbivore, speed 3,
frail 1, slow metabolism 2, subdued magic 1
a: Wall of Briars, Grow Ballistomycete, Overgrow, Grow Oklob, Renounce Religion


You were in the Dungeon.
You worshipped Fedhas.
Fedhas was extremely pleased with you.
You were not hungry.

You visited 1 branch You collected 1034 gold pieces.
You spent 872 gold pieces at shops.

Inventory:

Hand Weapons
 a - a +1 short sword of speed (weapon)
Missiles
 d - 8 poisoned darts
 e - 6 curare-tipped darts (quivered)
 h - 20 arrows
Armour
 b - a +0 robe (worn)
 o - a scarf of repulsion (worn)
Jewellery
 n - a cursed ring of positive energy (left hand)
Wands
 c - a wand of enslavement (4)
Potions
 g - a potion of curing
 j - 2 potions of magic
Miscellaneous
 i - a sack of spiders
Comestibles
 f - 3 rations


   Skills:
 - Level 1.5 Fighting
 - Level 2.1 Short Blades
 - Level 2.0 Throwing
 + Level 18.4 Dodging
 * Level 26.2 Stealth
 * Level 11.7 Invocations


You had 10 spell levels left.
You didn't know any spells.
Your spell library contained the following spells:

 Spells                   Type           Power        Failure   Level  Hunger
 Magic Dart               Conj           #...         30%         1    ##.....
 Searing Ray              Conj           #.....       43%         2    ###....
 Dazzling Spray           Conj/Hex       #.....       67%         3    ####...
 Force Lance              Conj/Tloc      #.......     97%         4    #####..
 Fulminant Prism          Conj/Hex       #.........   97%         4    #####..
 Iskenderun's Mystic Bla  Conj           #.......     97%         4    #####..


Dungeon Overview and Level Annotations

Branches:
Dungeon (1/1)

Altars:
Cheibriados
Dithmenos
Elyvilon
Fedhas
Gozag
Hepliaklqana
Kikubaaqudgha
Makhleb
Nemelex Xobeh
Okawaru
Qazlal
Ru
Sif Muna
Trog
Uskayaw
Vehumet
Wu Jian
Xom
Yredelemnul
Zin
The Shining One
Jiyva
Lugonu

Shops:
D [*((([[

Annotations:
D exclusion: door


Innate Abilities, Weirdness & Mutations

You are very small and have problems with some larger weapons.
You are too small for most types of armour.
You have supernaturally acute eyesight. (SInv)
You are a herbivore.
You cover ground extremely quickly.
You need to consume almost no food.
You are dopey. (Int -2)
You are frail. (-10% HP)
Your spells are a little easier to cast, but a little less powerful.


Message History

The jelly quivers.
The jelly completely misses you. The floating eye's view fixates on you.
The jelly quivers.
The floating eye gazes piercingly through you!
You suddenly lose the ability to move!
The jelly hits you.
You are splashed with acid!
The floating eye's stare focuses on you.
The jelly hits you.
You are splashed with acid!
The jelly barely misses you. The jelly hits you.
You are splashed with acid.
The jelly hits you.
* * * LOW HITPOINT WARNING * * *
You are splashed with acid!
* * * LOW HITPOINT WARNING * * *
The floating eye gazes piercingly through you!
You shrug off the repeated paralysis!
The jelly hits you.
* * * LOW HITPOINT WARNING * * *
You are splashed with acid!
You die...
Fedhas appreciates your contribution to the ecosystem.

⌠⌠#_.∩...'..._#≈§§.§#..#
###_..__##_.#'##§#####'###
#_____###'#.#(...###P'.#
########....####'###.###§#
∩[...........'.....'.∩##.#
##''''##...).##P..######.#
.......####.###.ff....##§#
........#.#+#.#........+§#
..#.....#.*...#'@G######.#
........#.*.(.#nJJ.....#§#
.....#..#######Jn.....#+§#
........# n$.......≈####
..#.....# nn$.......≈≈#
.....)..# #.......≈≈≈##
##''''### ###..≈≈≈≈###
∩......∩# +######+
........#


You could see 2 necrophages, 3 jellies, a floating eye, 2 friendly wandering
mushrooms and a friendly burning bush.

Vanquished Creatures
  2 centaur warriors (D)
  Sonja (D)
  2 unseen horrors (D)
  A deep troll (D)
  5 shining eyes (D)
  2 kobold demonologists (D)
  A hornet (D)
  A slime creature (D)
  Sigmund (D)
  2 redbacks (D)
  A yak (D)
  4 floating eyes (D)
  An ogre (D)
  3 jellies (D)
  Ijyb (D)
28 creatures vanquished.

Vanquished Creatures (collateral kills)
  3 shining eyes (D)
  A floating eye (D)
  2 jellies (D)
  5 ballistomycete spores (D)
11 creatures vanquished.

Vanquished Creatures (others)
  An oklob plant (D)
  3 hornets (D)
4 creatures vanquished.

Grand Total: 43 creatures vanquished

Notes
Turn   | Place    | Note
-------+----------+-------------------------------------------
     0 | D        | Chiseanne the Spriggan Assassin began the quest for the
                  | Orb.
     0 | D        | Reached XP level 1. HP: 10/10 MP: 2/2
     1 | D        | Noticed Ijyb
    19 | D        | Killed Ijyb
    19 | D        | Reached skill level 9 in Stealth
    19 | D        | Reached XP level 2. HP: 3/14 MP: 3/3
   285 | D        | Noticed an ogre
   288 | D        | Killed an ogre
   288 | D        | Reached skill level 12 in Stealth
   288 | D        | Reached XP level 3. HP: 18/18 MP: 4/4
   288 | D        | Reached XP level 4. HP: 22/22 MP: 5/5
   297 | D        | Noticed Sigmund
   300 | D        | Killed Sigmund
   300 | D        | Reached skill level 10 in Dodging
   300 | D        | Reached skill level 15 in Stealth
   300 | D        | Reached XP level 5. HP: 25/25 MP: 6/6
   313 | D        | Found a shimmering blue altar of Sif Muna.
   314 | D        | Found an ornate altar of the Wu Jian Council.
   315 | D        | Found a radiant altar of Vehumet.
   335 | D        | Reached skill level 16 in Stealth
   335 | D        | Reached XP level 6. HP: 30/30 MP: 7/7
   413 | D        | Found Cioppuss's Weapon Emporium.
   413 | D        | Found an ancient bone altar of Kikubaaqudgha.
   413 | D        | Found a hazy altar of Hepliaklqana.
   413 | D        | Found a stormy altar of Qazlal.
   413 | D        | Found a hide-covered altar of Uskayaw.
   413 | D        | Found a blossoming altar of Fedhas.
   413 | D        | Found a bloodstained altar of Trog.
   413 | D        | Found an iron altar of Okawaru.
   413 | D        | Found a basalt altar of Yredelemnul.
   413 | D        | Found a glowing golden altar of the Shining One.
   413 | D        | Found a snail-covered altar of Cheibriados.
   413 | D        | Found a sacrificial altar of Ru.
   413 | D        | Found a glowing silver altar of Zin.
   413 | D        | Found a shadowy altar of Dithmenos.
   413 | D        | Found a white marble altar of Elyvilon.
   413 | D        | Noticed a yak
   414 | D        | Found an opulent altar of Gozag.
   415 | D        | Killed a yak
   415 | D        | Reached skill level 17 in Stealth
   416 | D        | Found a sparkling altar of Nemelex Xobeh.
   419 | D        | Became a worshipper of Fedhas Madash
   427 | D        | Noticed Sonja
   431 | D        | Killed Sonja
   431 | D        | Reached skill level 20 in Stealth
   431 | D        | Reached XP level 7. HP: 33/33 MP: 8/8
   446 | D        | Found Xeufust's Antique Armour Boutique.
   454 | D        | Bought a glowing scarf for 176 gold pieces
   509 | D        | Noticed a deep troll
   511 | D        | Killed a deep troll
   511 | D        | Reached skill level 21 in Stealth
   511 | D        | Reached XP level 8. HP: 37/37 MP: 9/9
   523 | D        | Found Jedgheuc's Armour Emporium.
   567 | D        | Found a burning altar of Makhleb.
   567 | D        | Found a viscous altar of Jiyva.
   567 | D        | Found a shimmering altar of Xom.
   567 | D        | Found a corrupted altar of Lugonu.
   567 | D        | Noticed a slime creature
   570 | D        | Killed a slime creature
   570 | D        | Reached * piety under Fedhas
   570 | D        | Reached skill level 15 in Dodging
   570 | D        | Reached skill level 22 in Stealth
   583 | D        | Noticed a kobold demonologist
   584 | D        | Noticed a kobold demonologist
   586 | D        | Reached skill level 1 in Invocations
   588 | D        | Killed a kobold demonologist
   588 | D        | Reached XP level 9. HP: 41/41 MP: 9/12
   592 | D        | Noticed a rust devil
   596 | D        | Killed a kobold demonologist
   596 | D        | Reached ** piety under Fedhas
   596 | D        | Reached skill level 23 in Stealth
   648 | D        | Noticed a centaur warrior
   649 | D        | Noticed a centaur warrior
   665 | D        | Killed a centaur warrior
   703 | D        | Killed a centaur warrior
   703 | D        | Reached skill level 24 in Stealth
   729 | D        | Noticed an oklob plant
   753 | D        | Reached *** piety under Fedhas
   761 | D        | Reached XP level 10. HP: 26/46 MP: 17/17
   923 | D        | Noticed a shining eye
   923 | D        | Noticed a shining eye
   923 | D        | Noticed a shining eye
   924 | D        | Noticed a shining eye
   924 | D        | Noticed a shining eye
   924 | D        | Noticed a shining eye
   930 | D        | Gained mutation: You are frail. (-10% HP) [a shining eye]
   931 | D        | Gained mutation: You are dopey. (Int -2) [a shining eye]
   936 | D        | Paralysed by a floating eye for 4 turns
   946 | D        | Reached **** piety under Fedhas
   948 | D        | Gained mutation: Your spells are a little easier to cast,
                  | but a little less powerful. [a shining eye]
   952 | D        | Killed a shining eye
   962 | D        | Killed a shining eye
   967 | D        | Killed a shining eye
   981 | D        | Killed a shining eye
   981 | D        | Reached skill level 25 in Stealth
   984 | D        | Killed a shining eye
   984 | D        | Reached skill level 10 in Invocations
  1011 | D        | Killed a shining eye
  1016 | D        | Reached ***** piety under Fedhas
  1054 | D        | Killed an oklob plant
  1163 | D        | Noticed a shining eye
  1163 | D        | Noticed a shining eye
  1171 | D        | Killed a shining eye
  1178 | D        | Killed a shining eye
  1179 | D        | Found Melom's Antique Weapon Shop.
  1179 | D        | Found Reigik's Armour Boutique.
  1180 | D        | Found Akodgh's Assorted Antiques.
  1180 | D        | Found Nodemm's Weapon Emporium.
  1194 | D        | Bought a glowing short sword for 156 gold pieces
  1225 | D        | Bought a sack of spiders for 540 gold pieces
  1249 | D        | Noticed an unseen horror
  1249 | D        | Noticed an unseen horror
  1252 | D        | Killed an unseen horror
  1252 | D        | Reached skill level 26 in Stealth
  1253 | D        | Killed an unseen horror
  1257 | D        | Reached XP level 11. HP: 44/44 MP: 12/20
  1260 | D        | Paralysed by a floating eye for 4 turns
  1263 | D        | Splashed by a jelly's acid

Levels and vault maps discovered:
D:        dungeon_sprint_1 [red_sonja_temple_1, red_sonja_temple_small_1]

Skill      XL: |  1  2  3  4  5  6  7  8  9 10 |
---------------+-------------------------------+-----
Dodging        | 4 7 10 13 14 15 16 18 | 18.4
Stealth        | 9 12 15 16 20 21 22 24 26 | 26.2
Invocations    | 3 8 11 | 11.7
Fighting       | |  1.5
Short Blades   | |  2.1
Throwing       | |  2.0

Action                   |  1- 3 |  4- 6 |  7- 9 | 10-12 || total
-------------------------+-------+-------+-------+-------++-------
Melee: Dagger            |     1 |     8 |    28 |    11 ||    48
       Short sword       |       |       |       |     4 ||     4
Throw: Dart              |    10 |     2 |    19 |     1 ||    32
Invok: Overgrow          |       |       |       |     2 ||     2
Evoke: Wand              |       |       |     1 |       ||     1
  Use: Potion            |       |     1 |     6 |     1 ||     8
       Scroll            |       |       |     4 |       ||     4
 Stab: Sleeping          |     1 |     3 |     5 |     8 ||    17
Armor: Robe              |     1 |       |     1 |       ||     2
Dodge: Dodged            |     6 |     4 |    27 |     2 ||    39
